 Dungeon Crawl Stone Soup version 0.29.1-1-gd02db6906a (webtiles) character file.

Game seed: 9966716543693516737

167 quakins the Chopper (level 5, -16/47 HPs)
             Began as a Minotaur Berserker on Oct 1, 2022.
             Was a Believer of Trog.
             Killed from afar by Grinder (17 damage)
             ... with a bolt of dispelling energy
             ... on level 2 of the Dungeon.
             The game lasted 00:07:48 (2310 turns).

quakins the Chopper (Minotaur Berserker)            Turns: 2310, Time: 00:07:48

Health: -16/47     AC:  4    Str: 24    XL:     5   Next: 23%
Magic:  4/4        EV: 12    Int:  6    God:    Trog [**....]
Gold:   121        SH:  0    Dex:  9    Spells: 4/4 levels left

rFire   . . .      SeeInvis .   a - +0 hand axe
rCold   . . .      Faith    .   (no shield)
rNeg    . . .      Spirit   .   b - +0 animal skin
rPois   +          Reflect  .   (helmet restricted)
rElec   .          Harm     .   (no cloak)
rCorr   .          Rampage  .   l - +1 pair of gloves "Wyil Iwuosabb" {rPois Int+2}
Will    .....                   (no boots)
Stlth   +.........              (no amulet)
HPRegen 0.15/turn               (no ring)
MPRegen 0.09/turn               (no ring)

@: no status effects
A: horns 2, retaliatory headbutt
a: Renounce Religion, Berserk, Trog's Hand


You were on level 2 of the Dungeon.
You worshipped Trog.
Trog was pleased with you.
You visited 1 branch of the dungeon, and saw 3 of its levels.

You collected 121 gold pieces.

Inventory:

Hand Weapons
 a - a +0 hand axe (weapon)
 q - the +6 trident "Vodgh" {speed, Drain rF+ Str+6 SInv}
   (You found it on level 3 of the Dungeon)

   Attacks with this weapon are significantly faster.
   Str:       It affects your strength (+6).
   rF:        It protects you from fire.
   SInv:      It lets you see invisible.
   Drain:     It drains your maximum health when unequipped.
Armour
 b - a +0 animal skin (worn)
 l - the +1 pair of gloves "Wyil Iwuosabb" (worn) {rPois Int+2}
   (You found it on level 2 of the Dungeon)

   Int:       It affects your intelligence (+2).
   rPois:     It protects you from poison.
Jewellery
 r - a ring of protection from cold
Wands
 k - a wand of charming (9)
Scrolls
 d - 3 scrolls of identify {unknown}
 g - a scroll of amnesia {unknown}
 h - a scroll of immolation {unknown}
 i - a scroll of enchant weapon {unknown}
 j - 2 scrolls of teleportation {unknown}
 m - a scroll of magic mapping {unknown}
 s - a scroll of fear {unknown}
Potions
 c - a potion of mutation {unknown}
 e - a potion of lignification {unknown}
 f - a potion of degeneration {unknown}
 n - 2 potions of curing {unknown}
 o - 2 potions of might
 p - a potion of cancellation {unknown}


   Skills:
 - Level 4.3 Fighting
 * Level 5.8 Axes
 - Level 3.4 Armour
 - Level 3.1 Dodging


You had 4 spell levels left.
You didn't know any spells.
Your spell library was empty.

Dungeon Overview and Level Annotations

Branches:
Dungeon (3/15)

Altars:
Cheibriados

Shops:
D:1 (   D:2 [

Annotations:
D:2 Grinder


Innate Abilities, Weirdness & Mutations

You have a pair of horns on your head.
You reflexively headbutt those who attack you in melee.


Message History

Pain shoots through your body! The goblin hits you with a +0 club.
You closely miss the goblin.
The goblin is moderately wounded.
Grinder zaps a wand.
The bolt of dispelling energy misses you.
The goblin closely misses you.
You closely miss the goblin.
You headbutt the goblin, but do no damage.
Your punch misses the goblin.
The goblin is moderately wounded.
The goblin barely misses you. You furiously retaliate!
You headbutt the goblin.
You are too injured to fight recklessly!
You hit the goblin.
You kill the goblin!
Trog accepts your kill. Grinder gestures at you.
You resist with significant effort.
You closely miss Grinder.
Grinder zaps a wand.
The bolt of dispelling energy hits you!
You hit Grinder but do no damage. You headbutt Grinder, but do no damage.
Grinder zaps a wand.
The bolt of dispelling energy misses you.
You hit Grinder.
Grinder is lightly wounded.
Grinder closely misses you. You furiously retaliate!
You headbutt Grinder. You hit Grinder but do no damage.
Grinder is lightly wounded.
Grinder gestures at you.
You suddenly lose the ability to move!
Grinder zaps a wand.
The bolt of dispelling energy hits you!
Your magical effects are unravelling.
* * * LOW HITPOINT WARNING * * *
You can move again.
There is a stone staircase leading up here.
Grinder zaps a wand.
The bolt of dispelling energy hits you!
* * * LOW HITPOINT WARNING * * *
You climb upwards.
There is a stone staircase leading down here.
Grinder zaps a wand.
The bolt of dispelling energy hits you!
You die...

.......###...#.##.#.)##.#######.#
†......'.......##.#......# #.#
.......####.##...#.......# #.#
.#####.#[...##.#.#...#...# #.# ##
#.#...###.#.#.###...# #.# #...#.#
#.#.#...#...# #.# ###.#.#
#.#.##.##...# #.#
######...#.###.#.##.##...# #.#
..............b5@##.##.<.# #.#
##.........###|#.##....#.######)#
#.........###+#'#####.#........#
##................# ############
##................#
.#.........)......#
.'........#.......#
.#........#.......#
.#........#.......#


You could see Grinder and a bat.

Vanquished Creatures
  A jelly (D:3)
  An orc priest (D:3)
  Terence (D:3)
  An adder (D:3)
  A worm (D:2)
  3 dart slugs
  8 orcs
  A bat (D:1)
  5 endoplasms
  3 giant cockroaches
  5 goblins
  A hobgoblin (D:1)
  3 jackals (D:2)
  5 quokkas
  8 ball pythons
  2 frilled lizards
  5 kobolds
  A rat (D:2)
55 creatures vanquished.

Vanquished Creatures (others)
  A fungus (D:1)
  2 plants (D:1)
3 creatures vanquished.

Grand Total: 58 creatures vanquished

Notes
Turn   | Place    | Note
-------+----------+-------------------------------------------
     0 | D:1      | quakins the Minotaur Berserker began the quest for the Orb.
     0 | D:1      | Reached XP level 1. HP: 19/19 MP: 0/0
   256 | D:1      | Reached XP level 2. HP: 27/27 MP: 1/1
   727 | D:1      | Reached skill level 4 in Axes
   799 | D:1      | Found a faded altar of an unknown god.
   880 | D:1      | Found Onyuci's Weapon Shop.
  1124 | D:2      | Reached XP level 3. HP: 33/33 MP: 2/2
  1312 | D:2      | Found Rudutwank's Antique Armour Shoppe.
  1321 | D:2      | Reached ** piety under Trog
  1604 | D:2      | Identified the +1 pair of gloves "Wyil Iwuosabb" {rPois
                  | Int+2}
  1918 | D:3      | Noticed Terence
  1923 | D:3      | Killed Terence
  1924 | D:3      | Reached XP level 4. HP: 36/41 MP: 3/3
  1926 | D:3      | Identified the +6 trident "Vodgh" {speed, Drain rF+ Str+6
                  | SInv}
  1951 | D:3      | Found a snail-covered altar of Cheibriados.
  1972 | D:3      | Reached skill level 5 in Axes
  1977 | D:3      | Reached XP level 5. HP: 22/47 MP: 4/4
  2294 | D:3      | Noticed Grinder
  2304 | D:3      | Paralysed by Grinder for 2 turns
  2308 | D:3      | HP: 1/47 [Grinder/bolt of dispelling energy (7)]
  2310 | D:2      | Killed from afar by Grinder

Illustrated notes

Levels and vault maps discovered:
D:1:      arrival_zaba_pyramid, layout_basic, serial_shops, shop_fountains,
          shapermc_ecumenical_altar_hornbeckon
D:2:      layout_basic, serial_shops, nicolae_shop_competitors_out_of_business
D:3:      layout_rooms, lemuel_crystal_altar, uniq_grinder, uniq_terence

Skill      XL: |  1  2  3  4 |
---------------+-------------+-----
Axes           | 4 5 |  5.8
Fighting       | 4 |  4.3
Armour         | 3 |  3.4
Dodging        | 3 |  3.1

Action                   |  1- 3 |  4- 6 || total
-------------------------+-------+-------++-------
Melee: Hand axe          |    93 |    28 ||   121
       Headbutt          |    14 |     4 ||    18
       Punch             |     1 |       ||     1
Invok: Berserk           |       |     1 ||     1
 Stab: Sleeping          |     1 |       ||     1
Armor: Animal skin       |    16 |     1 ||    17
Dodge: Dodged            |    50 |    19 ||    69
